Map: Néo-Gettysburg EC

Players

NeWHoriZonS - Winner!

  • Race: Protoss Protoss
  • League: Diamond

SwarmLord

  • Race: Zerg Zerg
  • League: Diamond

VOD

Have the link to the VOD?

Description

Time

  • Played on: Aug. 26, 2016, 11:49 a.m.
  • Length: 8:26
Show
View Real Time Build Order
Export as new Build Order

NeWHoriZonS Protoss - Winner!

Build Orders:  

Get SALT Encoding   

  12  0:01  Probe (Chrono Boost)  
  13  0:11  Probe (Chrono Boost)  
  14  0:22  Probe (Chrono Boost)  
  15  0:40  Pylon  
  15  0:58  Gateway  
  15  0:59  Gateway  
  15  1:01  Gateway  
  15  1:05  Probe (Chrono Boost)  
  16  1:12  Pylon  
  16  1:19  Pylon  
  16  1:43  Pylon  
  16  1:47  Zealot  
  16  1:48  Zealot x2  
  22  2:05  Assimilator  
  22  2:15  Zealot x3  
  28  2:23  Assimilator  
  26  2:52  Cybernetics Core  
  26  2:54  Zealot x3  
  32  3:03  Probe (Chrono Boost)  
  33  3:13  Probe (Chrono Boost)  
  34  3:21  Forge  
  34  3:43  Warp Gate  
  34  3:45  Twilight Council  
  34  3:54  Pylon  
  34  4:01  Probe (Chrono Boost)  
  33  4:17  Photon Cannon  
  33  4:19  Photon Cannon  
  27  4:33  Probe (Chrono Boost), Dark Shrine  
  28  4:45  Probe (Chrono Boost)  
  27  4:57  Probe (Chrono Boost)  
  28  5:09  Probe (Chrono Boost)  
  27  5:19  Pylon  
  27  5:20  Pylon  
  27  5:41  Photon Cannon  
  27  5:43  Photon Cannon  
  26  5:55  Dark Templar x2  
  26  5:56  Dark Templar  
  32  6:19  Gateway  
  32  6:20  Gateway  
  32  6:25  Gateway  
  32  6:36  Mothership Core (Chrono Boost)  
  34  6:45  Dark Templar x2  
  38  6:51  Dark Templar  
  40  7:07  Pylon  
  40  7:08  Pylon  
  40  7:47  Dark Templar x2  
Show
View Real Time Build Order
Export as new Build Order

SwarmLord Zerg 

Build Orders: Hatch First 

Get SALT Encoding   

  12  0:01  Drone  
  13  0:13  Overlord  
  13  0:18  Drone  
  14  0:32  Drone x2  
  16  0:36  Drone  
  17  0:46  Drone  
  18  0:56  Hatchery  
  17  1:01  Extractor, Drone  
  17  1:16  Spawning Pool  
  16  1:19  Drone  
  16  1:22  Drone  
  18  1:34  Drone  
  19  1:51  Overlord  
  19  2:12  Queen  
  19  2:13  Spine Crawler  
  19  2:14  Zergling x6  
  19  2:15  Zergling x2, Spine Crawler  
  23  2:25  Spine Crawler  
  22  2:37  Zergling x8  
  22  2:44  Spine Crawler  
  24  2:48  Zergling x2  
  24  2:49  Zergling x2  
  23  3:10  Metabolic Boost  
  23  3:13  Extractor  
  23  3:15  Roach Warren  
  21  3:23  Drone x2  
  23  3:34  Drone x2  
  24  3:42  Drone  
  24  3:44  Drone  
  26  3:48  Drone  
  27  3:58  Roach  
  16  4:30  Roach x2  
  20  4:44  Roach  
  19  4:51  Roach x2  
  23  4:54  Roach  
  23  4:59  Ravager  
  25  5:10  Ravager  
  25  5:11  Ravager x2  
  30  5:14  Roach  
  30  5:20  Overlord  
  32  5:42  Roach  
  32  5:43  Roach  
  32  5:44  Roach  
  33  6:11  Spore Crawler  
  33  6:13  Spore Crawler  
  28  6:37  Roach  
  28  6:38  Roach x2  
Tags
 
Add a new tag
Caveats
  • Supply blocks, unpowered buildings, or Contaminate may cause inaccurate times.
  • Supply counts are checked every 10 seconds.